 Dungeon Crawl Stone Soup version 0.30.1-9-gdf580d7c3d (webtiles) character file.

Game seed: 6388591811523916922

49 lonewolfV2 the Shield-Bearer (level 4, -3/35 HPs)
             Began as a Formicid Fighter on Sept 27, 2023.
             Slain by a gnoll
             ... wielding a +0 whip
              (4 damage)
             ... on level 2 of the Dungeon.
             The game lasted 00:01:22 (558 turns).

lonewolfV2 the Shield-Bearer (Formicid Fighter)      Turns: 558, Time: 00:01:23

Health: -3/35      AC:  6    Str: 20    XL:     4   Next: 1%
Magic:  4/4        EV:  9    Int:  8    God:
Gold:   57         SH:  5    Dex: 15    Spells: 3/3 levels left

rFire   . . .        a - +0 war axe
rCold   . . .        c - +0 buckler
rNeg    . . .        b - +0 scale mail
rPois   .            (helmet unavailable)
rElec   .            (no cloak)
rCorr   .            (no gloves)
SInv    +            (no boots)
Will    .....        (no amulet) Stlth
                     (no ring)
HPRegen 0.25/turn    (no ring)
MPRegen 0.09/turn

%: no passive effects
@: no status effects
A: permanent stasis, dig shafts and tunnels, antennae 3, four strong arms
a: Dig, Shaft Self


You were on level 2 of the Dungeon.
You visited 1 branch of the dungeon, and saw 2 of its levels.

You collected 57 gold pieces.

Inventory:

Hand Weapons
 a - a +0 war axe (weapon)
Armour
 b - a +0 scale mail (worn)
 c - a +0 buckler (worn)
Jewellery
 i - a +6 ring of dexterity
Scrolls
 e - a scroll of butterflies {unknown}
 g - a scroll of blinking {unknown}
 h - a scroll of identify {unknown}
Potions
 d - 2 potions of might
 f - a potion of heal wounds {unknown}


   Skills:
 + Level 3.4 Fighting
 + Level 3.2 Axes
 + Level 3.5 Armour
 + Level 0.7 Dodging
 + Level 4.1 Shields


You had 3 spell levels left.
You didn't know any spells.
Your spell library was empty.

Dungeon Overview and Level Annotations

Branches:
Dungeon (1/15)

Altars:
Nemelex Xobeh


Innate Abilities, Weirdness & Mutations

You cannot be hasted, slowed, berserked, paralysed or teleported.
You can dig through walls and to a lower floor.
You have a pair of large antennae on your head. (SInv)
Your four strong arms can wield two-handed weapons with a shield.


Message History

You block the gnoll's attack. The gnoll hits you with a +0 spear.
Things that are here:
a +0 club; a +0 whip; a gnoll corpse You barely miss the gnoll.
You hit the gnoll but do no damage. The gnoll closely misses you.
You block the gnoll's attack. The gnoll hits you with a +0 spear.
The gnoll barely misses you.
You slash the gnoll!
The gnoll is almost dead.
You closely miss the gnoll. The gnoll hits you with a +0 spear.
The gnoll hits you with a +0 whip.
You slash the gnoll!
You kill the gnoll!
You hit the gnoll. The gnoll hits you but does no damage.
The gnoll closely misses you.
You have reached level 4!
You feel clever.
You barely miss the gnoll.
The gnoll is lightly wounded.
The gnoll hits you with a +0 whip.
* * * LOW HITPOINT WARNING * * *
You hit the gnoll.
The gnoll is moderately wounded.
The gnoll barely misses you.
You slash the gnoll!
The gnoll is almost dead.
The gnoll hits you with a +0 whip.
* * * LOW HITPOINT WARNING * * *
An endoplasm comes into view.
You block the gnoll's attack.
You barely miss the gnoll.
The gnoll is almost dead.
The gnoll closely misses you.
You completely miss the gnoll.
The gnoll is almost dead.
The gnoll hits you with a +0 whip.
* * * LOW HITPOINT WARNING * * *
You hit the gnoll.
The gnoll is almost dead.
The gnoll barely misses you. The gnoll hits you with a +0 whip.
You die...

#.# #.##
#... #..
#.. #.# .#
##)###...#
#.@gJ.....
#..####.##
#..### #
#.^..##.###
#.†....(..
#....##.##
#....#..###
#..........
###..#.####


You could see a gnoll and an endoplasm.

Vanquished Creatures
  3 gnolls (D:2)
  A worm (D:2)
  2 endoplasms (D:1)
  A hobgoblin (D:1)
  A quokka (D:1)
  3 ball pythons
  2 bats (D:1)
  A frilled lizard (D:1)
  2 goblins (D:1)
  2 kobolds (D:1)
  A rat (D:1)
19 creatures vanquished.

Notes
Turn   | Place    | Note
-------+----------+-------------------------------------------
     0 | D:1      | lonewolfV2 the Formicid Fighter began the quest for the
                  | Orb.
     0 | D:1      | Reached XP level 1. HP: 18/18 MP: 1/1
   284 | D:1      | Reached XP level 2. HP: 17/24 MP: 2/2
   518 | D:1      | You fall into a shaft and drop 1 floor!
   518 | D:2      | Found a sparkling altar of Nemelex Xobeh.
   545 | D:2      | Reached XP level 3. HP: 29/29 MP: 3/3
   553 | D:2      | Reached XP level 4. HP: 11/35 MP: 4/4
   557 | D:2      | HP: 1/35 [gnoll/+0 whip (5)]
   558 | D:2      | Slain by a gnoll

Illustrated notes

Levels and vault maps discovered:
D:1:      moated_graveyard_arrival, layout_loops_corners,
          ebering_ecumenical_altar_sacrificial
D:2:      layout_loops_ring, basic_altar, minmay_tall_x

Skill      XL: |  1  2 |
---------------+-------+-----
Axes           | 3 |  3.2
Fighting       | |  3.4
Armour         | |  3.5
Dodging        | |  0.7
Shields        | |  4.1

Action                     |  1- 3 |  4- 6 || total
---------------------------+-------+-------++-------
  Melee: War axe           |    61 |     6 ||    67
 Armour: Scale mail        |    17 |       ||    17
  Dodge: Dodged            |    37 |     3 ||    40
  Block: Buckler           |    22 |     1 ||    23
